 Dungeon Crawl Stone Soup version 0.28.0-53-g5a82cb258f (webtiles) character file.

Game seed: 11366849035471180624

30 Stomo the Skirmisher (level 3, 0/29 HPs)
             Began as a Demonspawn Fighter on July 2, 2022.
             Slain by Natasha (6 damage)
             ... on level 1 of the Dungeon.
             The game lasted 00:00:57 (914 turns).

Stomo the Skirmisher (Demonspawn Fighter)            Turns: 914, Time: 00:00:57

Health: 0/29       AC:  9    Str: 18    XL:     3   Next: 3%
Magic:  3/3        EV:  7    Int:  9    God:
Gold:   30         SH:  0    Dex: 12    Spells: 2/2 levels left

rFire   . . .      SeeInvis .   a - +0 flail
rCold   . . .      Faith    .   (no shield)
rNeg    . . .      Spirit   .   e - +0 chain mail
rPois   .          Reflect  .   (helmet restricted)
rElec   .          Harm     .   (no cloak)
rCorr   .          Rampage  .   (no gloves)
Will    .....                   (no boots)
Stlth   ..........              (no amulet)
HPRegen 0.09/turn               (no ring)
MPRegen 0.08/turn               (no ring)

@: slowed, very slow
A: antennae 1
a: no special abilities


You were on level 1 of the Dungeon.
You visited 1 branch of the dungeon, and saw 2 of its levels.

You collected 30 gold pieces.

Inventory:

Hand Weapons
 a - a +0 flail (weapon)
Armour
 b - a +0 scale mail
 c - a +0 buckler
 e - a +0 chain mail (worn)
Potions
 d - a potion of might
 f - a potion of lignification {unknown}
 g - a potion of curing {unknown}


   Skills:
 + Level 3.3 Fighting
 + Level 2.2 Maces & Flails
 + Level 3.0 Armour
 + Level 1.0 Dodging
 - Level 2.6 Shields


You had 2 spell levels left.
You didn't know any spells.
Your spell library was empty.

Dungeon Overview and Level Annotations

Branches:
Dungeon (2/15)

Altars:

Annotations:
D:1 Natasha


Innate Abilities, Weirdness & Mutations

You have a pair of small antennae on your head.


Message History

You hit Natasha but do no damage. The bat hits you but does no damage. x3
Natasha casts a spell.
Natasha casts a spell at you.
You feel yourself slow down.
Unknown command.
You barely miss Natasha. The bat closely misses you. x2
Natasha casts a spell.
Natasha mumbles some strange words.
Natasha shimmers violently.
Natasha claws you.
Unknown command.
You closely miss Natasha. The bat barely misses you.
The white imp closely misses you. Natasha claws you but does no damage.
The bat barely misses you. The white imp gestures at you.
The puff of frost hits you but does no damage.
Natasha claws you.
Unknown command.
The bat barely misses you.
The white imp hits you but does no damage.
Natasha barely misses you.
You climb upwards.
The white imp disappears in a puff of smoke! x2
There is a stone staircase leading down here.
Unknown command.
You hit Natasha.
Natasha is moderately wounded.
Natasha stares at you and mumbles some strange words.
The magic dart hits you but does no damage.
Natasha casts a spell.
You hit Natasha but do no damage.
Natasha is moderately wounded.
Natasha claws you but does no damage. The white imp gestures at you.
The puff of frost hits you. Natasha claws you but does no damage.
You hit Natasha. Your punch misses Natasha.
Natasha is severely wounded.
The white imp hits you. The white imp freezes you.
* * * LOW HITPOINT WARNING * * *
Natasha claws you.
You die...

######### #........
#.#######
##########.####.##
#@h..)............
#5#######.......#.
#.#######..#.##.##
#.#........#.##.##
#.#.......##......
##.################
#................†.
#....##############
#....# #.....


You could see Natasha and a white imp (summoned).

Vanquished Creatures
  A dart slug (D:1)
  6 ball pythons (D:1)
  2 endoplasms
  2 goblins (D:1)
  5 hobgoblins (D:1)
  2 jackals (D:1)
  A kobold (D:1)
  2 quokkas (D:1)
  2 frilled lizards (D:1)
  A rat (D:1)
24 creatures vanquished.

Notes
Turn   | Place    | Note
-------+----------+-------------------------------------------
     0 | D:1      | Stomo the Demonspawn Fighter began the quest for the Orb.
     0 | D:1      | Reached XP level 1. HP: 18/18 MP: 1/1
   420 | D:1      | Gained mutation: You have a pair of small antennae on your
                  | head. [demonic ancestry]
   420 | D:1      | Reached XP level 2. HP: 24/24 MP: 2/2
   456 | D:1      | Found a faded altar of an unknown god.
   800 | D:1      | Reached skill level 1 in Dodging
   881 | D:1      | Reached XP level 3. HP: 29/29 MP: 3/3
   903 | D:2      | Noticed Natasha
   914 | D:1      | Slain by Natasha

Illustrated notes

Levels and vault maps discovered:
D:1:      dpeg_arrival_arbitrary_c, layout_basic,
          shapermc_ecumenical_altar_venn, wad_floor_pattern_untrapped,
          minmay_tripent
D:2:      layout_rooms, uniq_natasha

Skill      XL: |  1  2 |
---------------+-------+-----
Maces & Flails | 2 |  2.2
Armour         | 3 |  3.0
Dodging        | 1 |  1.0
Fighting       | |  3.3
Shields        | |  2.6

Action                   || total
-------------------------++-------
Melee: Flail             ||    59
       Punch             ||     1
Armor: Chain mail        ||    40
       Scale mail        ||     1
Dodge: Dodged            ||    26
